 Dungeon Crawl Stone Soup version 0.30-a0-166-g5d06c95188 (webtiles) character file.

Game seed: 15442063724016319551

134 qw the Chopper (level 5, -4/32 HPs)
             Began as a Gargoyle Fighter on Sept 29, 2022.
             Engulfed by a cloud of flame (7 damage)
             ... on level 3 of the Dungeon.
             The game lasted 00:00:56 (3085 turns).

qw the Chopper (Gargoyle Fighter)                   Turns: 3085, Time: 00:00:56

Health: -4/32      AC: 15    Str: 21    XL:     5   Next: 17%
Magic:  5/5        EV:  9    Int:  9    God:
Gold:   118        SH:  4    Dex:  9    Spells: 4/4 levels left

rFire   . . .      SeeInvis .    Y - +2 war axe
rCold   . . .      Faith    .    c - +0 buckler
rNeg    + + .      Spirit   .    b - +0 scale mail
rPois   inf        Reflect  .    i - +2 helmet
rElec   +          Harm     .    (no cloak)
rCorr   .          Rampage  .    e - +0 pair of gloves
Will    +....                    (no boots)
Stlth   ..........               (no amulet)
HPRegen 0.10/turn                f - ring of willpower
MPRegen 0.09/turn                l - ring of positive energy

@: hasted, very quick
A: sickness immunity, AC +4, negative energy resistance 1, electricity
resistance, torment resistance 1, petrification resistance
a: no special abilities


You were on level 3 of the Dungeon.
You visited 1 branch of the dungeon, and saw 3 of its levels.

You collected 118 gold pieces.


Innate Abilities, Weirdness & Mutations

You are immune to sickness and miasma.
Your stone body is resilient. (AC +4)
You are immune to poison.
You resist negative energy. (rN+)
You are resistant to electric shocks. (rElec)
You are resistant to unholy torment.
You are immune to petrification.


   Skills:
 - Level 3.2 Fighting
 + Level 4.7 Axes
 - Level 3.2 Armour
 - Level 3.2 Shields


You had 4 spell levels left.
You didn't know any spells.
Your spell library was empty.

Inventory:

Hand Weapons
 j - a +0 whip
 Y - a +2 war axe (weapon)
Missiles
 g - a boomerang (quivered)
Armour
 b - a +0 scale mail (worn)
 c - a +0 buckler (worn)
 e - a +0 pair of gloves (worn)
 i - a +2 helmet (worn)
Jewellery
 f - a ring of willpower (left hand)
 l - a ring of positive energy (right hand)
Potions
 a - 2 potions of haste
 d - a potion of might
 h - 2 potions of curing

Dungeon Overview and Level Annotations

Branches:
Dungeon (3/15)

Altars:
Xom

Annotations:
D:3 2 runed translucent doors


Message History

Enter note:
Found a robe.
You're in a travel-excluded area, stopping explore.
3073 ||| UPGRADING to +2 helmet.
You start putting on your armour.
You continue putting on your +2 helmet. x4
You finish putting on your +2 helmet.
You're in a travel-excluded area, stopping explore.
3078 ||| UPGRADING to ring of positive energy.
l - a ring of positive energy (right hand) You're in a travel-excluded area, stopping explore.
3079 ||| READING scroll labelled VEPOCH GIK SAMP.
As you read the scroll labelled VEPOCH GIK SAMP, it crumbles to dust.
It is a scroll of identify.
Really abort (and waste the scroll)?
You're in a travel-excluded area, stopping explore.
3080 ||| READING scroll labelled DEAPSE EMNO.
Blink to where?
Press: ? - help, Dir - move target, f - you Are you sure you want to cancel this blink?
As you read the scroll labelled DEAPSE EMNO, it crumbles to dust.
It was a scroll of blinking.
You're in a travel-excluded area, stopping explore.
3081 ||| READING scroll labelled NASEDO ZAGRI.
As you read the scroll labelled NASEDO ZAGRI, it crumbles to dust.
It is a scroll of enchant armour.
Really abort (and waste the scroll)?
You're in a travel-excluded area, stopping explore.
3082 ||| DRINKING 3 bubbling amethyst potions.
It was a potion of haste.
You feel yourself speed up.
You're in a travel-excluded area, stopping explore.
You're in a travel-excluded area, stopping explore.
3083 ||| Stepping randomly (stuck).
Really walk into that cloud of flame?
You are engulfed in blazing flames.
You're standing in a cloud of flame!
You are engulfed in blazing flames.
Ouch! That really hurt!
You're standing in a cloud of flame!
You are engulfed in blazing flames.
You die...

#.# #..##.#
#.###########...#### ##.##.#
#.##.....¤¤.../[..¤. #.##.#
#.##.##..000.!.[.¤00.##.##.#
#.##.###.¤¤¤.....¤.0.......#
#.##.########...#######.####
#.......# #¤¤0# #...#
####....# #000# ##### ######
#@¤¤# ####...# #.###.##
#.....# ######## #.#####
.......######.#####
.#####.##.........#
..........###.##..#########
.#.#.#.#####.(.#..........#


There were no monsters in sight!

Vanquished Creatures
  Robin (D:3)
  4 adders
  2 worms
  3 dart slugs
  2 orcs (D:3)
  8 ball pythons
  7 bats
  5 endoplasms
  2 giant cockroaches
  11 goblins
  8 hobgoblins
  7 kobolds
  A quokka (D:3)
  5 frilled lizards
  2 rats (D:2)
68 creatures vanquished.

Notes
Turn   | Place    | Note
-------+----------+-------------------------------------------
     0 | D:1      | qw the Gargoyle Fighter began the quest for the Orb.
     0 | D:1      | Reached XP level 1. HP: 14/14 MP: 1/1
     0 | D:1      | 0 ||| qw: Version: 0.2-a-12-gaebbb33
     0 | D:1      | 0 ||| qw: Game counter: 1060
     0 | D:1      | 0 ||| qw: Always use a shield: true
     0 | D:1      | 0 ||| qw: God list: Okawaru
     0 | D:1      | 0 ||| qw: Allow faded altars: false
     0 | D:1      | 0 ||| qw: Do Orc after D:15 true
     0 | D:1      | 0 ||| qw: Do second Lair branch before Depths: true
     0 | D:1      | 0 ||| qw: Lair rune preference: random
     0 | D:1      | 0 ||| qw: Plans: Normal, Zot:1-4, God:TSO, Crypt, Tomb,
                  | Pan, Slime:5, Hells, Abyss, Orb
     0 | D:1      | 0 ||| PLANNING D:1-11
    11 | D:1      | You fall into a shaft and drop 1 floor!
    20 | D:2      | 20 ||| Stepping ~*~*~tactically~*~*~ (stealth).
    21 | D:2      | 21 ||| Stepping ~*~*~tactically~*~*~ (stealth).
    29 | D:2      | Reached skill level 2 in Axes
    34 | D:2      | HP: 2/14 [adder (2)]
    38 | D:2      | Reached XP level 2. HP: 3/19 MP: 2/2
   315 | D:2      | 315 ||| READING scroll labelled ZASAUZX EQOIPP.
   319 | D:2      | 319 ||| READING scroll labelled EXEUNI HUVE.
   327 | D:2      | Reached skill level 3 in Axes
   352 | D:2      | Reached XP level 3. HP: 20/23 MP: 3/3
   427 | D:2      | 427 ||| UPGRADING to +0 pair of gloves.
   724 | D:1      | 724 ||| Stepping ~*~*~tactically~*~*~ (stealth).
   725 | D:1      | 725 ||| Stepping ~*~*~tactically~*~*~ (stealth).
   728 | D:1      | 728 ||| Stepping ~*~*~tactically~*~*~ (stealth).
   905 | D:1      | Reached XP level 4. HP: 28/28 MP: 4/4
  1364 | D:1      | 1364 ||| READING scroll labelled NISUUM JO PIS.
  1365 | D:1      | 1365 ||| READING scroll labelled OTUIJ QATOAKAN.
  1366 | D:1      | 1366 ||| DRINKING 2 clear potions.
  1506 | D:2      | 1506 ||| Stepping ~*~*~tactically~*~*~ (hiding).
  1508 | D:2      | 1508 ||| Stepping ~*~*~tactically~*~*~ (hiding).
  1514 | D:2      | Reached skill level 4 in Axes
  1514 | D:2      | 1514 ||| Stepping ~*~*~tactically~*~*~ (stealth).
  1515 | D:2      | 1515 ||| Stepping ~*~*~tactically~*~*~ (stealth).
  1642 | D:2      | 1642 ||| Stepping ~*~*~tactically~*~*~ (stealth).
  1733 | D:2      | 1733 ||| DROPPING +0 club.
  1737 | D:2      | 1737 ||| READING scroll of enchant weapon.
  1737 | D:2      | 1737 ||| ENCHANTING +1 war axe.
  2074 | D:2      | 2074 ||| UPGRADING to ring of willpower.
  2075 | D:2      | 2075 ||| READING scroll labelled DESASU SEDYE.
  2146 | D:3      | Found a large runed translucent door.
  2146 | D:3      | Found a large runed translucent door.
  2148 | D:3      | Found a shimmering altar of Xom.
  2169 | D:3      | Noticed Robin
  2185 | D:3      | Killed Robin
  2459 | D:3      | Reached XP level 5. HP: 31/32 MP: 5/5
  2753 | D:3      | Found a faded altar of an unknown god.
  3073 | D:3      | 3073 ||| UPGRADING to +2 helmet.
  3078 | D:3      | 3078 ||| UPGRADING to ring of positive energy.
  3079 | D:3      | 3079 ||| READING scroll labelled VEPOCH GIK SAMP.
  3080 | D:3      | 3080 ||| READING scroll labelled DEAPSE EMNO.
  3081 | D:3      | 3081 ||| READING scroll labelled NASEDO ZAGRI.
  3082 | D:3      | 3082 ||| DRINKING 3 bubbling amethyst potions.
  3083 | D:3      | 3083 ||| Stepping randomly (stuck).
  3084 | D:3      | HP: 3/32 [something (16)]
  3085 | D:3      | Engulfed by a cloud of flame

Levels and vault maps discovered:
D:1:      lemuel_arrival_funnel, layout_basic
D:2:      layout_loops_cross
D:3:      due_chaos_kobolds, layout_loops_corners, marbit_many_paths,
          shapermc_ecumenical_altar_ellora, lemuel_flame_loot_1, uniq_robin

Skill      XL: |  1  2  3  4 |
---------------+-------------+-----
Axes           | 2 3 4 |  4.7
Fighting       | |  3.2
Armour         | |  3.2
Shields        | |  3.2

Action                   |  1- 3 |  4- 6 || total
-------------------------+-------+-------++-------
Melee: War axe           |    61 |    94 ||   155
Throw: Boomerang         |    18 |    43 ||    61
  Use: Scroll            |     2 |     7 ||     9
       Potion            |       |     2 ||     2
Armor: Scale mail        |    34 |    48 ||    82
Dodge: Dodged            |    26 |    42 ||    68
Block: Buckler           |    16 |    23 ||    39

Table legend:
 A = Non-vault XP
 B = Vault XP
 C = Vault XP percentage of total XP
 D = Non-vault monster count
 E = Vault monster count
 F = Vault count percentage of total count
                 A         B        C        D         E       F
            +---------+---------+-------+---------+---------+-------
      Total |     155 |      37 |  19.3 |      56 |      12 |  17.6
            +---------+---------+-------+---------+---------+-------
        D:1 |      43 |       0 |   0.0 |      22 |       0 |   0.0
        D:2 |      76 |       0 |   0.0 |      23 |       0 |   0.0
        D:3 |      36 |      37 |  50.7 |      11 |      12 |  52.2
            +---------+---------+-------+---------+---------+-------
